[ AOE2 MATCH · #505579459 ]
UnrankedBohemians vs Italians
Player's team · WIN
Rival team · LOSS
[ REPLAY ANALYSIS · EXTRACTED FROM THE RECORDED GAME ]
Feudal
11:45
Castle
16:26
Imperial
42:23
| APM avg | 49.9 |
| APM peak | 93 |
| eAPM avg | 22.9 |
| Villagers / military | 128 / 93 |
Focus
⚔️ 34.5% · 🌾 65.5%
Hussite Wagon ×56 · Monk ×23 · Trebuchet (Packed) ×6 · Spearman ×5 · Battering Ram ×2 · Mangonel ×1
Feudal
8:51
Castle
23:06
Imperial
—
| APM avg | 48.3 |
| APM peak | 76 |
| eAPM avg | 30.4 |
| Villagers / military | 141 / 101 |
Focus
⚔️ 32.3% · 🌾 67.7%
Scout Cavalry ×61 · Archer ×17 · Monk ×7 · Genoese Crossbowman ×7 · Militia ×6 · Battering Ram ×2
Match map
Initial resources + every placement click. Lines = walls · curves = elevation contours. ◆ gold · ⬟ stone · ● berries · ✦ relic · ◌ wall gap
Your base· Open — 4t gap
__97_Unknown_Arg's base· Open — unwalled flank
Smoothed initial terrain · ◌ = detected wall gap · hover for details
Inputs per minute
— MiniTurtle - - __97_Unknown_Arg
Build order — MiniTurtle
First 150 of 333 actions detected
| 0:00 | Queue | Villager (Male) |
| 0:01 | Queue | Villager (Male) |
| 0:02 | Build | House |
| 0:04 | Build | House |
| 0:06 | Queue | Villager (Male) |
| 0:10 | Queue | Villager (Male) |
| 1:34 | Queue | Villager (Male) |
| 2:05 | Queue | Villager (Male) |
| 2:29 | Queue | Villager (Male) |
| 2:29 | Queue | Villager (Male) |
| 2:39 | Build | Lumber Camp |
| 2:47 | Queue | Villager (Male) |
| 2:47 | Queue | Villager (Male) |
| 3:30 | Queue | Villager (Male) |
| 3:49 | Build | House |
| 3:58 | Queue | Villager (Male) |
| 4:35 | Queue | Villager (Male) |
| 4:43 | Build | Mill |
| 4:51 | Queue | Villager (Male) |
| 5:07 | Build | Palisade Wall |
| 5:19 | Build | Palisade Wall |
| 5:22 | Queue | Villager (Male) |
| 5:39 | Queue | Villager (Male) |
| 6:06 | Queue | Villager (Male) |
| 6:16 | Queue | Villager (Male) |
| 6:20 | Build | House |
| 6:30 | Queue | Villager (Male) |
| 6:36 | Queue | Villager (Male) |
| 6:51 | Build | House |
| 7:01 | Queue | Villager (Male) |
| 7:12 | Queue | Villager (Male) |
| 7:23 | Build | Mining Camp |
| 7:56 | Build | Palisade Wall |
| 8:09 | Research | Loom |
| 8:35 | Build | Farm |
| 8:38 | Queue | Villager (Male) |
| 8:39 | Build | Farm |
| 8:57 | Build | Palisade Wall |
| 9:13 | Build | Palisade Wall |
| 9:13 | Build | Palisade Wall |
| 9:19 | Build | House |
| 9:31 | Queue | Villager (Male) |
| 9:32 | Research | Feudal Age |
| 9:35 | Research | Feudal Age |
| 9:37 | Build | House |
| 10:39 | Build | Palisade Wall |
| 10:58 | Queue | Villager (Male) |
| 11:04 | Build | Farm |
| 11:22 | Build | House |
| 11:25 | Build | House |
| 11:45 | Age | Feudal Age |
| 11:52 | Build | Blacksmith |
| 12:01 | Build | Market |
| 12:02 | Queue | Villager (Male) |
| 12:04 | Build | House |
| 12:08 | Queue | Villager (Male) |
| 13:09 | Build | Farm |
| 13:46 | Research | Castle Age |
| 14:02 | Build | Mining Camp |
| 14:09 | Build | House |
| 14:10 | Build | House |
| 14:39 | Build | Farm |
| 14:43 | Build | Farm |
| 15:08 | Build | Farm |
| 15:28 | Build | House |
| 15:49 | Build | House |
| 15:51 | Build | Palisade Wall |
| 15:54 | Build | Palisade Wall |
| 15:58 | Build | House |
| 16:00 | Queue | Villager (Male) |
| 16:09 | Build | House |
| 16:11 | Queue | Villager (Male) |
| 16:26 | Age | Castle Age |
| 16:34 | Build | Castle |
| 16:54 | Queue | Villager (Male) |
| 17:24 | Build | Farm |
| 17:49 | Queue | Villager (Male) |
| 17:49 | Queue | Villager (Male) |
| 18:10 | Queue | Villager (Male) |
| 18:37 | Build | Monastery |
| 18:45 | Research | Double-Bit Axe |
| 18:46 | Queue | Villager (Male) |
| 18:54 | Build | Farm |
| 18:55 | Queue | Villager (Male) |
| 19:06 | Queue | Hussite Wagon |
| 19:12 | Research | Sanctity |
| 19:13 | Research | Sanctity |
| 19:34 | Build | Palisade Gate |
| 19:49 | Queue | Hussite Wagon |
| 19:57 | Queue | Villager (Male) |
| 19:58 | Queue | Villager (Male) |
| 20:41 | Build | Farm |
| 20:42 | Queue | Hussite Wagon |
| 20:46 | Queue | Villager (Male) |
| 20:47 | Queue | Villager (Male) |
| 20:48 | Queue | Monk |
| 21:01 | Build | Siege Workshop |
| 21:07 | Queue | Hussite Wagon |
| 21:32 | Queue | Hussite Wagon |
| 22:25 | Queue | Villager (Male) |
| 22:26 | Queue | Villager (Male) |
| 22:26 | Queue | Villager (Male) |
| 22:49 | Queue | Villager (Male) |
| 22:50 | Queue | Villager (Male) |
| 23:19 | Build | House |
| 23:51 | Research | Fervor |
| 24:23 | Queue | Monk |
| 24:24 | Queue | Villager (Male) |
| 24:24 | Queue | Villager (Male) |
| 24:38 | Queue | Hussite Wagon |
| 24:49 | Queue | Villager (Male) |
| 25:16 | Queue | Villager (Male) |
| 25:16 | Queue | Villager (Male) |
| 25:25 | Build | Mill |
| 25:26 | Queue | Villager (Male) |
| 25:45 | Research | Redemption |
| 25:46 | Queue | Villager (Male) |
| 25:46 | Queue | Villager (Male) |
| 25:54 | Build | Lumber Camp |
| 26:03 | Queue | Monk |
| 26:10 | Build | Farm |
| 26:27 | Queue | Villager (Male) |
| 26:37 | Build | House |
| 26:37 | Queue | Villager (Male) |
| 26:57 | Research | Atonement |
| 27:06 | Queue | Villager (Male) |
| 27:07 | Queue | Villager (Male) |
| 27:11 | Queue | Monk |
| 27:14 | Build | House |
| 27:33 | Queue | Hussite Wagon |
| 27:37 | Queue | Villager (Male) |
| 27:37 | Queue | Villager (Male) |
| 27:41 | Queue | Monk |
| 27:53 | Queue | Villager (Male) |
| 27:59 | Build | House |
| 28:05 | Queue | Monk |
| 28:13 | Build | House |
| 28:17 | Build | Monastery |
| 28:18 | Queue | Monk |
| 28:19 | Queue | Monk |
| 28:20 | Queue | Villager (Male) |
| 28:20 | Queue | Villager (Male) |
| 28:21 | Queue | Villager (Male) |
| 28:44 | Queue | Monk |
| 28:45 | Queue | Monk |
| 28:46 | Queue | Monk |
| 28:52 | Queue | Villager (Male) |
| 28:55 | Build | House |
| 28:55 | Queue | Monk |
| 29:00 | Queue | Monk |
Build order — __97_Unknown_Arg
First 150 of 477 actions detected
| 0:00 | Queue | Villager (Male) |
| 0:01 | Queue | Villager (Male) |
| 0:01 | Queue | Villager (Male) |
| 0:02 | Build | House |
| 0:03 | Build | House |
| 0:07 | Queue | Villager (Male) |
| 1:25 | Queue | Villager (Male) |
| 1:25 | Queue | Villager (Male) |
| 1:58 | Queue | Villager (Male) |
| 1:58 | Queue | Villager (Male) |
| 2:18 | Build | Lumber Camp |
| 2:19 | Queue | Villager (Male) |
| 2:47 | Queue | Villager (Male) |
| 3:17 | Queue | Villager (Male) |
| 3:19 | Queue | Villager (Male) |
| 3:26 | Build | House |
| 3:56 | Queue | Villager (Male) |
| 4:12 | Queue | Villager (Male) |
| 4:12 | Queue | Villager (Male) |
| 4:32 | Queue | Villager (Male) |
| 5:07 | Queue | Villager (Male) |
| 5:08 | Queue | Villager (Male) |
| 5:08 | Queue | Villager (Male) |
| 5:33 | Build | Barracks |
| 5:41 | Queue | Villager (Male) |
| 5:41 | Queue | Villager (Male) |
| 6:00 | Build | House |
| 6:03 | Research | Loom |
| 6:36 | Research | Feudal Age |
| 6:37 | Research | Feudal Age |
| 6:47 | Queue | Militia |
| 6:47 | Queue | Militia |
| 7:01 | Queue | Militia |
| 7:02 | Queue | Militia |
| 7:08 | Build | Mining Camp |
| 7:44 | Queue | Militia |
| 7:44 | Queue | Militia |
| 7:49 | Build | House |
| 8:19 | Queue | Villager (Male) |
| 8:51 | Age | Feudal Age |
| 8:57 | Research | Man-at-Arms (upgrade) |
| 8:57 | Research | Man-at-Arms (upgrade) |
| 9:02 | Build | Archery Range |
| 9:14 | Queue | Villager (Male) |
| 9:23 | Queue | Villager (Male) |
| 9:36 | Build | Mill |
| 9:39 | Queue | Villager (Male) |
| 10:11 | Queue | Villager (Male) |
| 10:15 | Research | Gold Mining |
| 10:16 | Queue | Archer |
| 10:16 | Queue | Archer |
| 10:22 | Research | Double-Bit Axe |
| 10:22 | Research | Double-Bit Axe |
| 10:23 | Queue | Villager (Male) |
| 10:36 | Queue | Spearman |
| 10:43 | Queue | Villager (Male) |
| 11:06 | Queue | Archer |
| 11:12 | Build | Mining Camp |
| 11:27 | Build | House |
| 11:29 | Queue | Villager (Male) |
| 11:46 | Queue | Archer |
| 11:50 | Build | House |
| 12:15 | Queue | Archer |
| 12:20 | Queue | Villager (Male) |
| 12:30 | Queue | Villager (Male) |
| 12:32 | Build | Watch Tower |
| 12:41 | Queue | Villager (Male) |
| 13:02 | Queue | Villager (Male) |
| 13:03 | Build | Farm |
| 13:31 | Queue | Villager (Male) |
| 13:41 | Build | Blacksmith |
| 13:57 | Queue | Villager (Male) |
| 13:58 | Build | Farm |
| 14:08 | Queue | Archer |
| 14:15 | Build | House |
| 14:16 | Build | House |
| 14:30 | Queue | Villager (Male) |
| 14:36 | Research | Fletching |
| 14:36 | Research | Fletching |
| 14:37 | Queue | Villager (Male) |
| 14:42 | Build | Watch Tower |
| 14:48 | Build | Watch Tower |
| 15:02 | Queue | Villager (Male) |
| 15:06 | Build | Farm |
| 15:06 | Build | Farm |
| 15:23 | Build | Farm |
| 15:32 | Queue | Villager (Male) |
| 15:34 | Queue | Archer |
| 15:38 | Build | House |
| 15:38 | Build | House |
| 15:49 | Queue | Archer |
| 15:56 | Queue | Villager (Male) |
| 16:12 | Build | Watch Tower |
| 16:21 | Queue | Archer |
| 16:24 | Queue | Villager (Male) |
| 16:52 | Queue | Villager (Male) |
| 16:58 | Queue | Villager (Male) |
| 17:04 | Build | Farm |
| 17:05 | Build | Farm |
| 17:11 | Queue | Villager (Male) |
| 17:21 | Queue | Villager (Male) |
| 17:31 | Queue | Archer |
| 17:32 | Queue | Villager (Male) |
| 17:40 | Build | Farm |
| 17:41 | Build | Farm |
| 17:56 | Queue | Villager (Male) |
| 18:17 | Queue | Villager (Male) |
| 18:34 | Queue | Villager (Male) |
| 18:38 | Build | Farm |
| 18:46 | Build | Market |
| 19:18 | Build | Farm |
| 19:35 | Build | Watch Tower |
| 19:55 | Build | Farm |
| 20:26 | Research | Castle Age |
| 20:26 | Research | Castle Age |
| 20:27 | Research | Castle Age |
| 20:48 | Build | Watch Tower |
| 20:54 | Queue | Archer |
| 20:55 | Queue | Archer |
| 21:23 | Build | Stable |
| 21:28 | Build | Gate |
| 21:29 | Build | Stone Wall |
| 21:33 | Build | Gate |
| 21:36 | Build | Stone Wall |
| 22:16 | Build | Farm |
| 22:16 | Build | Farm |
| 23:00 | Build | House |
| 23:06 | Age | Castle Age |
| 23:11 | Queue | Villager (Male) |
| 23:16 | Queue | Villager (Male) |
| 23:34 | Queue | Villager (Male) |
| 23:36 | Build | Monastery |
| 23:38 | Build | Town Center |
| 23:39 | Queue | Villager (Male) |
| 23:41 | Build | Monastery |
| 23:43 | Queue | Villager (Male) |
| 24:03 | Build | Town Center |
| 24:06 | Queue | Villager (Male) |
| 24:15 | Queue | Villager (Male) |
| 24:24 | Research | Sanctity |
| 24:24 | Research | Sanctity |
| 24:28 | Queue | Villager (Male) |
| 24:30 | Research | Gold Mining |
| 24:30 | Research | Gold Mining |
| 24:33 | Queue | Villager (Male) |
| 24:43 | Queue | Villager (Male) |
| 24:45 | Queue | Villager (Male) |
| 25:00 | Research | Redemption |
| 25:01 | Research | Redemption |
| 25:26 | Queue | Villager (Male) |
Match timeline
| 5:07 | MiniTurtle · wall_segment Palisade Wall x14 |
| 5:19 | MiniTurtle · wall_segment Palisade Wall x6 |
| 5:33 | __97_Unknown_Arg · first_building Barracks |
| 7:56 | MiniTurtle · wall_segment Palisade Wall x3 |
| 8:51 | __97_Unknown_Arg · age_up feudal |
| 8:57 | MiniTurtle · wall_segment Palisade Wall x6 |
| 9:02 | __97_Unknown_Arg · first_building Archery Range |
| 9:13 | MiniTurtle · wall_segment Palisade Wall x1 |
| 9:13 | MiniTurtle · wall_segment Palisade Wall x1 |
| 10:39 | MiniTurtle · wall_segment Palisade Wall x1 |
| 11:45 | MiniTurtle · age_up feudal |
| 13:30 | MiniTurtle · first_market_sell 100 stone |
| 15:51 | MiniTurtle · wall_segment Palisade Wall x1 |
| 15:54 | MiniTurtle · wall_segment Palisade Wall x1 |
| 16:26 | MiniTurtle · age_up castle |
| 16:34 | MiniTurtle · first_building Castle |
| 17:48 | MiniTurtle · first_market_buy 100 food |
| 18:37 | MiniTurtle · first_building Monastery |
| 19:56 | __97_Unknown_Arg · first_market_buy 100 food |
| 19:59 | __97_Unknown_Arg · first_market_sell 100 stone |
| 21:01 | MiniTurtle · first_building Siege Workshop |
| 21:23 | __97_Unknown_Arg · first_building Stable |
| 21:29 | __97_Unknown_Arg · wall_segment Stone Wall x1 |
| 21:36 | __97_Unknown_Arg · wall_segment Stone Wall x1 |
| 23:06 | __97_Unknown_Arg · age_up castle |
| 23:36 | __97_Unknown_Arg · first_building Monastery |
| 30:13 | __97_Unknown_Arg · first_building Castle |
| 33:09 | MiniTurtle · first_building Barracks |
| 36:11 | __97_Unknown_Arg · first_building Siege Workshop |
| 42:23 | MiniTurtle · age_up imperial |
| 49:31 | __97_Unknown_Arg · resign |
[ AI ANALYSIS · 1 CREDIT ]
What really happened in this match?
Wolo.gg analyzes every decision: build order, eco, micro, common mistakes by bracket. Personalized analysis on WhatsApp or Discord in 30 seconds.
Civ guide
Bohemians
Perfil
MiniTurtle